AoeStats
← DrHoused

African Clearing

510845747Analyzed
2v2 RM · 13h ago on Oct 2, 2026· 50m 18s· 4 players
Game mode
Random Map
Map size
Medium (4 player)
Population
200
Speed
Normal
Resources
Standard
Victory
Conquest
Starting age
Dark Age
Ending age
Imperial Age
RankedLock teamsTeams togetherTeam positionsShared explorationLock speedFull tech treeHidden civsTurbo modeCheats
Victory
Defeat
🇳🇱 Mongols · Netherlands
1561
+17
🇨🇭 Varangians · Switzerland
1517
+19
🇦🇷 Sicilians · Argentina
1589
-18
🇦🇷 Huns · Argentina
1581
-18
DrHoused
12:04 Loom
13:50 Feudal Age
19:06 Castle Age
17:36 Double-Bit Axe
22:25 Scale Barding Armor
24:56 Bow Saw
35:15 Pikeman
39:35 Wheelbarrow
38:46 Town Watch
41:50 Horse Collar
43:09 Forging
44:12 Chain Barding Armor
44:54 Iron Casting
50:17 Imperial Age
48:05 Heavy Plow
51:56 Imperial Age
49:45 Hand Cart
50:31 Fishing Lines
squashy5000
7:37 Loom
14:10 Feudal Age
18:06 Castle Age
17:19 Gold Mining
17:57 Double-Bit Axe
18:53 Fletching
20:29 Bodkin Arrow
28:17 Wheelbarrow
29:36 Horse Collar
30:32 Bow Saw
31:45 Husbandry
32:25 Ballistics
34:55 Padded Archer Armor
37:59 Imperial Age
37:41 Scale Barding Armor
37:46 Forging
38:15 Bloodlines
38:50 Bracer
39:15 Chain Barding Armor
40:23 Chemistry
41:47 Forging
42:27 Hand Cart
41:57 Town Watch
44:25 Elite Mangudai
45:20 Light Cavalry
46:37 Iron Casting
47:06 Hussar
48:20 Thumb Ring
48:41 Parthian Tactics
50:51 Blast Furnace
50:07 Leather Archer Armor
Monkey_D_Luffy
7:45 Loom
11:38 Feudal Age
12:52 Double-Bit Axe
21:32 Castle Age
22:38 Pikeman
29:17 Scale Mail Armor
29:38 Fletching
31:00 Bodkin Arrow
42:50 Wheelbarrow
45:00 Bow Saw
TyRanT
9:18 Loom
13:26 Feudal Age
17:32 Castle Age
16:39 Double-Bit Axe
24:38 Wheelbarrow
26:22 Bow Saw
30:06 Horse Collar
33:21 Imperial Age
33:08 Scale Barding Armor
33:14 Forging
33:27 Fletching
34:25 Marauders
34:46 Conscription
34:47 Chain Barding Armor
34:41 Bloodlines
34:32 Husbandry
39:20 Bodkin Arrow
40:55 Plate Barding Armor
45:02 Hand Cart
47:47 Heavy Plow
49:45 Bracer
50:20 Iron Casting
Connection lost

Rejoining the realm…

Still unreachable

The connection could not be restored.

Session expired

The server has moved on; the page needs a fresh start.